 Dungeon Crawl Stone Soup version 0.25.1-8-g42b30a86e7 (webtiles) character file.

Game seed: 16218615475638938098

2846 Abzac the Grappler (level 9, -1/85 HPs)
             Began as a Troll Berserker on Dec 14, 2020.
             Was an Elder of Trog.
             Slain by a hornet (12 damage)
             ... while paralysed by a hornet
             ... on level 7 of the Dungeon.
             The game lasted 00:19:29 (6012 turns).

Abzac the Grappler (Troll Berserker)                Turns: 6012, Time: 00:19:34

Health: -1/85      AC:  6    Str: 29      XL:     9   Next: 46%
Magic:  8/8        EV:  1    Int:  2 (3)  God:    Trog [****..]
Gold:   239        SH:  0    Dex:  8 (10) Spells: 8/8 levels left

rFire    . . .     SeeInvis .     - Unarmed
rCold    . . .     Gourm    +   (no shield)
rNeg     . . .     Faith    .   a - +0 animal skin
rPois    .         Spirit   .   (helmet restricted)
rElec    .         Reflect  +   (no cloak)
rCorr    .         Harm     .   (gloves unavailable)
MR       .....                  (boots unavailable)
Stlth    ++........             d - amulet of reflection
HPRegen  0.64/turn              (no ring)
MPRegen  0.11/turn              (no ring)

@: paralysed, lethally poisoned (-1 -> -5), slowed
A: large, unfitting armour, claws 3, fast metabolism 3, gourmand, regeneration
1, shaggy fur 1, tough skin 3
a: Berserk, Trog's Hand, Brothers in Arms, Renounce Religion


You were on level 7 of the Dungeon.
You worshipped Trog.
Trog was greatly pleased with you.
You were very full.

You visited 2 branches of the dungeon, and saw 8 of its levels.

You collected 295 gold pieces.
You spent 56 gold pieces at shops.

Inventory:

Armour
 a - a +0 animal skin (worn)
 B - a +0 robe
Jewellery
 d - an amulet of reflection (around neck)
 j - a cursed ring of teleportation
 t - an uncursed amulet of reflection
 v - an uncursed amulet of regeneration {unknown}
 y - an uncursed amulet of magic regeneration {unknown}
Wands
 p - a wand of digging (8)
 s - a wand of iceblast (11)
Scrolls
 c - 6 scrolls of remove curse
 e - 3 scrolls of magic mapping
 f - 5 scrolls of identify
 g - a scroll of blinking {unknown}
 h - 2 scrolls of enchant armour {unknown}
 i - 5 scrolls of teleportation {unknown}
 m - a scroll of immolation {unknown}
 o - a scroll of fear {unknown}
 q - a scroll of fog {unknown}
 z - a scroll of random uselessness {unknown}
Potions
 k - a potion of degeneration
 l - a potion of lignification
 r - a potion of flight
 w - a potion of haste
Comestibles
 b - 11 rations


   Skills:
 * Level 4.3 Fighting
 + Level 5.3 Dodging
 + Level 1.7 Stealth
 + Level 10.8 Unarmed Combat


You had 8 spell levels left.
You didn't know any spells.
Your spell library contained the following spells:

 Spells                   Type           Power        Failure   Level  Hunger
 Beastly Appendage        Tmut           #.....       54%         1    ##.....
 Sticks to Snakes         Tmut           #.......     69%         2    ###....
 Spider Form              Tmut/Pois      #.........   89%         3    ####...
 Ice Form                 Ice/Tmut       #.......     100%        4    #####..
 Blade Hands              Tmut           #.........   100%        5    ######.


Dungeon Overview and Level Annotations

Branches:
Dungeon (7/15)             Temple (1/1) D:5

Altars:
Ashenzari
Dithmenos
Elyvilon
Hepliaklqana
Nemelex Xobeh
Sif Muna
Vehumet
Wu Jian
Xom
Yredelemnul

Shops:
D:6 ?


Innate Abilities, Weirdness & Mutations

You are too large for most types of armour.
You have claws for hands.
Your metabolism is lightning-fast.
You like to eat raw meat.
Your natural rate of healing is unusually fast.
You are covered in fur. (AC +1)
You have extremely tough skin. (AC +3)


Message History

The hornet is heavily wounded.
The hornet stings you.
You are poisoned.
You feel as though you will be slow longer.
The hornet stings you but does no damage.
You closely miss the hornet.
The hornet is heavily wounded.
You feel sick. The hornet misses you. You block the hornet's attack.
You claw the hornet!
The hornet is almost dead.
You feel sick. The hornet stings you!
You feel as though you will be slow longer.
You block the hornet's attack.
You barely miss the hornet.
The hornet is almost dead.
You feel sick. The hornet stings you!
* * * LOW HITPOINT WARNING * * *
You are more poisoned.
You suddenly lose the ability to move!
The hornet stings you!
You die...

.........
####
####.######
#.. .... #..
..# #.# ...#
#.###..#
#......#
#.....##
#@..###
#y####
#....####
#.......###
#.........##
#..........##
#.###.####..#
#.#
#...##..##
#.#
#....#...#


You could see a hornet.

Vanquished Creatures
  Pikel (D:4)
  A troll (D:7)
  Duvessa (D:4)
  A water moccasin (D:6)
  An ice beast (D:7)
  A sky beast (D:6)
  2 phantoms
  3 ogres
  3 centaurs
  A big kobold (D:7)
  2 bullfrogs (D:6)
  Dowan (D:4)
  A scorpion (D:3)
  A howler monkey (D:7)
  A crimson imp (D:6)
  A quasit (D:6)
  4 orc priests
  6 orc wizards
  2 iguanas (D:4)
  Ijyb (D:4)
  2 worker ants
  A mummy (D:4)
  3 worker ant zombies (D:6)
  3 gnolls (D:2)
  9 adders
  An ooze (D:2)
  2 worms
  3 dart slugs
  5 leopard geckos
  9 orcs
  11 bats
  5 giant cockroaches
  7 hobgoblins
  3 jackals
  12 kobolds
  5 quokkas
  3 ball pythons
  4 frilled lizards
  7 goblins
  A hobgoblin zombie (D:4)
  3 kobold zombies (D:4)
  A leopard gecko skeleton (D:4)
  2 quokka skeletons (D:6)
  7 rats
144 creatures vanquished.

Vanquished Creatures (others)
  2 orc priests (D:4)
  A shadow imp (D:4)
  2 orcs (D:4)
  4 jackals (D:4)
9 creatures vanquished.

Grand Total: 153 creatures vanquished

Notes
Turn   | Place    | Note
-------+----------+-------------------------------------------
     0 | D:1      | Abzac the Troll Berserker began the quest for the Orb.
     0 | D:1      | Reached XP level 1. HP: 22/22 MP: 0/0
   135 | D:1      | Reached XP level 2. HP: 29/29 MP: 1/1
   616 | D:2      | Reached ** piety under Trog
   627 | D:2      | Reached XP level 3. HP: 35/36 MP: 2/2
   863 | D:2      | Found a sparkling altar of Nemelex Xobeh.
  1106 | D:2      | Reached skill level 4 in Unarmed Combat
  1106 | D:2      | Reached XP level 4. HP: 26/44 MP: 3/3
  1264 | D:2      | Found a white marble altar of Elyvilon.
  1391 | D:2      | Found a shimmering blue altar of Sif Muna.
  1834 | D:3      | Reached XP level 5. HP: 52/52 MP: 4/4
  1838 | D:3      | Reached skill level 5 in Unarmed Combat
  1845 | D:3      | Reached *** piety under Trog
  1914 | D:3      | Found a shadowy altar of Dithmenos.
  2020 | D:3      | Reached XP level 6. HP: 55/59 MP: 5/5
  2607 | D:3      | Found a basalt altar of Yredelemnul.
  2725 | D:4      | Noticed Ijyb
  2730 | D:4      | Killed Ijyb
  2730 | D:4      | Reached skill level 6 in Unarmed Combat
  2790 | D:4      | Found a shattered altar of Ashenzari.
  2830 | D:4      | Reached XP level 7. HP: 49/66 MP: 6/6
  3082 | D:4      | Reached **** piety under Trog
  3082 | D:4      | Reached skill level 7 in Unarmed Combat
  3144 | D:4      | Noticed Pikel
  3156 | D:4      | Killed Pikel
  3156 | D:4      | Reached skill level 8 in Unarmed Combat
  3156 | D:4      | Reached XP level 8. HP: 56/75 MP: 7/7
  3321 | D:4      | Noticed Duvessa
  3321 | D:4      | Noticed Dowan
  3325 | D:4      | Killed Duvessa
  3325 | D:4      | Reached skill level 1 in Stealth
  3325 | D:4      | Reached skill level 9 in Unarmed Combat
  3337 | D:4      | Killed Dowan
  3656 | D:5      | Entered Level 5 of the Dungeon
  3699 | D:5      | Found a radiant altar of Vehumet.
  3700 | D:5      | Found a hazy altar of Hepliaklqana.
  4021 | D:5      | Found a staircase to the Ecumenical Temple.
  4031 | Temple   | Entered the Ecumenical Temple
  4507 | D:6      | Found Ygeufeco's Magic Scroll Shop.
  4562 | D:6      | Bought a scroll of identify for 28 gold pieces
  4562 | D:6      | Bought a scroll of identify for 28 gold pieces
  4565 | D:6      | Lost intelligence.
  5043 | D:6      | Reached skill level 10 in Unarmed Combat
  5224 | D:6      | Reached XP level 9. HP: 69/84 MP: 8/8
  5791 | D:7      | Reached skill level 5 in Dodging
  5992 | D:7      | Noticed a troll
  6001 | D:7      | Killed a troll
  6012 | D:7      | Paralysed by a hornet for 1 turns
  6012 | D:7      | Slain by a hornet

Illustrated notes

Levels and vault maps discovered:
D:1:      dpeg_arrival_orchard, layout_loops_cross
D:2:      layout_basic, marbit_many_paths, nemelex_altar_shiori,
          lemuel_doored_altar
D:3:      layout_basic, nicolae_overflow_crystal_walls, first_ration,
          yredelemnul_altar_generic
D:4:      layout_loops_ring, evilmike_ruin_ashenzari, minmay_mini_ossuary,
          uniq_ijyb, uniq_duvessa, uniq_pikel
D:5:      layout_cave_pods, gammafunk_temple_overflow_pools,
          minmay_temple_entry_proselytizer
D:6:      layout_basic, serial_shops, nicolae_shop_trees
D:7:      minmay_recursive_quarters, layout_basic, minmay_shattered_shrine
Temple:   dpeg_three_leaves_temple

Skill      XL: |  1  2  3  4  5  6  7  8  9 |
---------------+----------------------------+-----
Dodging        | 3 4 5 |  5.3
Unarmed Combat | 4 5 6 8 10 | 10.8
Fighting       | 3 4 |  4.3
Stealth        | 1 |  1.7

Action                   |  1- 3 |  4- 6 |  7- 9 || total
-------------------------+-------+-------+-------++-------
Melee: Unarmed           |   113 |   162 |   176 ||   451
       Punch             |       |     4 |     6 ||    10
Invok: Berserk           |       |     1 |     1 ||     2
  Use: Scroll            |     3 |       |     3 ||     6
       Potion            |       |       |     8 ||     8
 Stab: Sleeping          |       |     1 |     1 ||     2
  Eat: Chunk             |    15 |    16 |    33 ||    64
Armor: Animal skin       |    34 |    36 |    51 ||   121
Dodge: Dodged            |    69 |    62 |    68 ||   199
Block: Other             |     5 |    26 |    35 ||    66
       Reflection        |       |     2 |     2 ||     4
